 Dungeon Crawl Stone Soup version 0.22-a0-469-gf26638a71f (webtiles) character file.

47 Kriby the Skirmisher (level 3, -1/29 HPs)
             Began as a Human Abyssal Knight on June 13, 2018.
             Was a Follower of Lugonu.
             Slain by a hobgoblin
             ... wielding a +0 club
              (4 damage)
             ... on level 2 of the Dungeon.
             The game lasted 00:03:04 (2432 turns).

Kriby the Skirmisher (Human Abyssal Knight)         Turns: 2432, Time: 00:03:05

Health: -1/29      AC:  4    Str: 13    XL:     3   Next: 97%
Magic:  4/4        EV: 12    Int: 14    God:    Lugonu [*.....]
Gold:   160        SH:  0    Dex: 15    Spells: 2/2 levels left

rFire    . . .     SeeInvis .   a - +1 hand axe
rCold    . . .     Gourm    .   (no shield)
rNeg     . . .     Faith    .   b - +0 leather armour
rPois    .         Spirit   .   (no helmet)
rElec    .         Reflect  .   (no cloak)
rCorr    .         Harm     .   (no gloves)
MR       .....                  p - +0 pair of boots
Stlth    +.........             (no amulet)
HPRegen  0.09/turn              o - +3 ring of dexterity
MPRegen  0.09/turn              v - +2 ring of intelligence

@: no status effects
A: no striking features
a: Depart the Abyss, Renounce Religion


You were on level 2 of the Dungeon.
You worshipped Lugonu.
Lugonu was aware of your devotion.
You were hungry.

You visited 1 branch of the dungeon, and saw 3 of its levels.
You visited the Abyss 1 time.

You collected 160 gold pieces.

Inventory:

Hand Weapons
 a - a +1 hand axe (weapon)
Missiles
 h - 143 stones (quivered)
Armour
 b - a +0 leather armour (worn)
 p - a +0 pair of boots (worn)
 w - a +0 ring mail
Jewellery
 o - a +3 ring of dexterity (left hand)
 s - an uncursed ring of wizardry
 u - a cursed amulet of inaccuracy {unknown}
 v - a +2 ring of intelligence (right hand)
Wands
 g - a wand of disintegration (11)
Scrolls
 f - 2 scrolls of identify {unknown}
 k - a scroll of magic mapping {unknown}
 m - a scroll of immolation {unknown}
 n - a scroll of enchant armour {unknown}
 r - a scroll of enchant weapon {unknown}
 t - a scroll of amnesia {unknown}
Potions
 d - 2 potions of heal wounds {unknown}
 e - a potion of mutation {unknown}
 i - a potion of haste {unknown}
 j - a potion of berserk rage {unknown}
 l - 2 potions of curing {unknown}
 q - a potion of flight {unknown}
Comestibles
 c - 5 rations {@e1}


   Skills:
 + Level 3.3 Fighting
 + Level 2.4 Axes
 + Level 2.4 Armour
 + Level 1.6 Dodging
 + Level 2.5 Invocations


You had 2 spell levels left.
You didn't know any spells.
Your spell library was empty.

Dungeon Overview and Level Annotations

Branches:
Dungeon (3/15)

Altars:


Message History

You climb upwards.
There is a stone staircase leading down here.
You hit the orc.
The orc is lightly wounded.
You hit the hobgoblin. The orc hits you with a hand axe.
The hobgoblin misses you.
You hit the orc but do no damage.
The orc is lightly wounded.
You hit the hobgoblin but do no damage. The orc hits you with a hand axe.
The hobgoblin hits you with a club.
You barely miss the orc.
The orc is lightly wounded.
You hit the hobgoblin but do no damage. The orc hits you with a hand axe.
The hobgoblin closely misses you.
You hit the orc but do no damage.
The orc is lightly wounded.
You closely miss the hobgoblin. The orc hits you with a hand axe.
* * * LOW HITPOINT WARNING * * *
The hobgoblin hits you with a club.
You die...

###.#..# #.#.###.#
#.......#.<#.# #....#
#.#..##.# #####'#.####.#
#..[.# #.##.##.#
#.#......#
#....###.#.....#
#.########
#....'.#.#.....#
#.........
##...#.#.#.....#
###########
#...#.#.#..[..######...#
#...#(#.##........)#.#.#
##...#.#.##..g@.....'...#
#...##.#.##....o....#.###
#...##.#.##.........#.#
###...##................#
..#...####.##############
#.#...# #....# #.#...#
#....# #.#...####....#
#....[...'...รท#######


You could see an orc and a hobgoblin.

Vanquished Creatures
  An adder (D:2)
  2 dart slugs
  A worm (D:2)
  A leopard gecko (D:2)
  A bat (D:2)
  3 giant cockroaches
  5 hobgoblins
  3 kobolds
  A quokka (D:2)
  4 frilled lizards
  3 goblins
  5 rats
30 creatures vanquished.

Notes
Turn   | Place    | Note
-------+----------+-------------------------------------------
     0 | Abyss:1  | Kriby the Human Abyssal Knight began the quest for the Orb.
     0 | Abyss:1  | Reached XP level 1. HP: 18/18 MP: 2/2
    63 | Abyss:2  | Noticed a large abomination
   151 | Abyss:2  | Noticed a golden dragon skeleton
   206 | Abyss:2  | Noticed a starcursed mass
   207 | Abyss:2  | Noticed a wyvern
   208 | D:1      | Escaped the Abyss
   242 | D:1      | Reached * piety under Lugonu
   509 | D:1      | Reached XP level 2. HP: 23/24 MP: 3/3
  1259 | D:2      | Reached XP level 3. HP: 22/29 MP: 4/4
  2432 | D:2      | Slain by a hobgoblin

Vault maps used:
D:1:      matt_arrival_spirals
D:3:      first_ration
Abyss:2:  due_exit_kobolds, minivault_22

Action                   || total
-------------------------++-------
Melee: Hand axe          ||   122
Throw: Stone             ||     5
Invok: Depart the Abyss  ||     1
  Eat: Chunk             ||     4
Armor: Leather armour    ||    25
Dodge: Dodged            ||    77

Table legend:
 A = Spawn XP
 B = Non-spawn XP
 C = Spawn XP percentage of total XP
 D = Spawn monster count
 E = Non-spawn monster count
 F = Spawn count percentage of total count
 G = Total turns spent on level
                    A         B        C        D         E        F      G
               +---------+---------+-------+---------+---------+-------+---------
         Total |       0 |      68 |   0.0 |       0 |      30 |   0.0 |  2432
               +---------+---------+-------+---------+---------+-------+---------
           D:1 |       0 |      27 |   0.0 |       0 |      16 |   0.0 |  1009
           D:2 |       0 |      34 |   0.0 |       0 |      11 |   0.0 |   947
           D:3 |       0 |       7 |   0.0 |       0 |       3 |   0.0 |   268
               +---------+---------+-------+---------+---------+-------+---------
